AoeStats
← BrokenSword

Arena

509752864Analyzed
4v4 RM · 3d ago on Sep 27, 2026· 26m 50s· 8 players
Game mode
Random Map
Map size
Large (8 player)
Population
200
Speed
Normal
Resources
Standard
Victory
Conquest
Starting age
Dark Age
Ending age
Imperial Age
RankedLock teamsTeams togetherTeam positionsShared explorationLock speedFull tech treeHidden civsTurbo modeCheats
Victory
Defeat
🇹🇷 Byzantines · Türkiye
705
+15
🇫🇷 Spanish · France
645
+17
🇧🇷 Franks · Brazil
642
+17
🇺🇸 Franks · United States
627
+18
🇺🇸 Mongols · United States
711
-18
🇺🇸 Saracens · United States
700
-19
🇳🇿 Huns · New Zealand
648
-16
615
-14
drtySASQUATCH69
0:33 Loom
17:42 Feudal Age
19:26 Wheelbarrow
18:40 Double-Bit Axe
18:38 Horse Collar
18:51 Stone Mining
18:55 Gold Mining
20:18 Bloodlines
22:29 Forging
22:25 Scale Barding Armor
DK3175
12:13 Feudal Age
17:09 Castle Age
16:16 Double-Bit Axe
16:30 Horse Collar
[MIAAU] Gatúbelo Palestinian
0:48 Loom
12:32 Feudal Age
14:15 Wheelbarrow
14:36 Double-Bit Axe
14:33 Horse Collar
16:56 Castle Age
BrokenSword
11:21 Feudal Age
13:39 Loom
14:37 Double-Bit Axe
16:57 Castle Age
Zombyou
5:21 Loom
9:48 Feudal Age
10:59 Double-Bit Axe
14:07 Horse Collar
21:05 Castle Age
22:46 Fletching
22:57 Padded Archer Armor
23:26 Bow Saw
25:37 Heavy Plow
I MISS HER
13:19 Feudal Age
13:45 Double-Bit Axe
18:20 Castle Age
17:10 Horse Collar
17:23 Stone Mining
25:01 Scale Barding Armor
GamesPig124
11:11 Feudal Age
11:45 Double-Bit Axe
18:50 Castle Age
19:20 Stone Mining
19:20 Gold Mining
27:45 Wheelbarrow
Lautenaius Maximus
11:19 Feudal Age
10:40 Loom
14:21 Double-Bit Axe
19:20 Castle Age
26:44 Elite Skirmisher
Connection lost

Rejoining the realm…

Still unreachable

The connection could not be restored.

Session expired

The server has moved on; the page needs a fresh start.